Map: Emerald City LE

Players

SLicKcHeeZEE - Winner!

  • Race: Zerg Zerg

A.I. 1 (Very Hard)

  • Race: Terran Terran

VOD

Have the link to the VOD?

Description

Time

  • Played on: Sept. 4, 2026, 10:15 p.m.
  • Length: 14:27
Show
View Real Time Build Order
Export as new Build Order

SLicKcHeeZEE Zerg - Winner!

Build Orders: Hatch First, Roach Hydra 

Get SALT Encoding   

  8  0:01  Drone  
  9  0:11  Drone  
  10  0:16  Drone  
  11  0:29  Overlord  
  11  0:35  Drone  
  12  0:47  Drone x2  
  14  0:51  Drone  
  15  1:15  Hatchery  
  14  1:19  Drone  
  14  1:22  Drone  
  16  1:39  Spawning Pool  
  15  1:41  Extractor  
  15  1:43  Drone  
  15  1:47  Drone  
  15  1:50  Drone  
  17  1:55  Drone  
  18  2:03  Overlord  
  18  2:13  Drone  
  19  2:25  Queen  
  21  2:31  Queen  
  21  2:34  Drone  
  24  2:39  Drone  
  25  2:44  Overlord  
  25  2:48  Drone  
  26  2:51  Drone  
  26  2:55  Drone  
  29  2:58  Drone  
  29  3:08  Lair  
  29  3:16  Roach Warren  
  28  3:20  Drone  
  28  3:24  Overlord  
  29  3:28  Drone  
  29  3:29  Drone  
  31  3:40  Drone  
  31  3:41  Drone x3  
  33  3:44  Drone  
  33  3:46  Overlord  
  36  3:57  Roach x3  
  36  4:00  Roach  
  44  4:04  Extractor  
  44  4:08  Hydralisk Den  
  42  4:14  Drone x3  
  45  4:20  Extractor, Drone  
  45  4:26  Drone x3  
  45  4:28  Drone  
  49  4:38  Hydralisk  
  49  4:42  Hydralisk, Hatchery  
  52  4:52  Evolution Chamber  
  52  4:55  Evolution Chamber  
  52  4:57  Drone x2  
  52  4:58  Drone  
  53  5:00  Glial Reconstitution  
  53  5:02  Grooved Spines  
  53  5:06  Overlord  
  53  5:11  Drone x2  
  55  5:16  Drone  
  55  5:20  Zerg Missile Weapons Level 1  
  56  5:22  Zerg Ground Armor Level 1  
  56  5:33  Overlord  
  56  5:42  Overlord  
  56  5:50  Roach x2  
  56  5:52  Roach  
  56  5:53  Hydralisk x2  
  56  5:54  Roach x2  
  56  5:55  Roach  
  72  6:03  Queen  
  74  6:11  Overlord  
  74  6:18  Muscular Augments  
  74  6:21  Roach x2  
  74  6:24  Roach, Hydralisk  
  82  6:28  Hydralisk  
  84  6:38  Overlord  
  84  6:39  Extractor  
  83  6:42  Hydralisk  
  83  6:43  Hydralisk  
  87  6:48  Drone x2  
  87  6:49  Drone  
  90  6:57  Roach x2  
  90  6:58  Hydralisk x2  
  90  7:00  Overlord  
  98  7:18  Hatchery  
  97  7:23  Hydralisk x2, Roach x2  
  97  7:24  Hydralisk  
  97  7:27  Overlord  
  107  7:46  Zerg Missile Weapons Level 2  
  107  7:50  Overlord  
  107  7:51  Overlord  
  107  7:53  Roach x2  
  107  7:54  Hydralisk, Roach  
  115  8:11  Roach  
  115  8:12  Roach x3  
  123  8:13  Roach  
  123  8:14  Roach x2  
  129  8:21  Overlord x2  
  129  8:29  Zerg Ground Armor Level 2  
  129  8:34  Hydralisk x2  
  129  8:35  Hydralisk  
  129  8:39  Overlord  
  135  8:51  Hydralisk x2  
  135  8:52  Hydralisk x2  
  143  8:56  Ravager  
  143  8:59  Ravager  
  145  9:04  Queen  
  101  9:55  Roach x3  
  101  9:56  Hydralisk x3  
  101  9:57  Hydralisk x3, Roach x2  
  101  9:58  Hydralisk x2, Roach x2  
  101  9:59  Roach x2  
  135  10:20  Overlord  
  135  10:21  Overlord  
  135  10:32  Roach x3, Hydralisk x3  
  135  10:33  Hydralisk  
  149  10:51  Roach x3, Hydralisk x4  
  163  11:06  Overlord  
  163  11:07  Overlord  
  163  11:12  Hydralisk x2, Roach x2  
  171  11:28  Roach x3, Hydralisk x2  
  181  12:23  Hydralisk  
  181  12:24  Hydralisk x4  
  133  13:39  Roach x4, Hydralisk  
  133  13:40  Roach x5, Hydralisk x8  
Show
View Real Time Build Order
Export as new Build Order

A.I. 1 (Very Hard) Terran 

Build Orders:  

Get SALT Encoding   

  8  0:00  SCV  
  9  0:13  SCV  
  10  0:25  SCV  
  11  0:37  SCV  
  12  0:46  Supply Depot  
  12  0:49  SCV  
  13  1:07  SCV  
  14  1:12  Barracks  
  14  1:19  SCV  
  15  1:31  SCV  
  16  1:43  SCV  
  17  1:54  Supply Depot  
  17  1:56  SCV  
  17  1:58  Marine  
  17  1:59  Refinery  
  19  2:08  SCV  
  20  2:16  Marine  
  20  2:20  SCV  
  22  2:22  Barracks  
  22  2:30  Refinery  
  22  2:32  SCV  
  22  2:34  Marine  
  24  2:44  SCV  
  24  2:46  Supply Depot  
  25  2:52  Marine  
  25  2:56  SCV  
  27  3:08  SCV  
  27  3:10  Marine  
  27  3:11  Factory  
  29  3:21  Orbital Command  
  29  3:24  Barracks Tech Lab  
  29  3:29  Barracks Tech Lab  
  29  3:42  Marine  
  29  3:46  SCV  
  29  3:47  Marine  
  32  3:52  Supply Depot  
  32  3:58  SCV  
  32  3:59  Starport  
  33  4:03  Stimpack  
  33  4:04  Marine  
  33  4:05  Marine  
  35  4:23  Supply Depot, Marine  
  36  4:26  Marine  
  36  4:30  SCV  
  38  4:36  Medivac  
  38  4:37  Supply Depot  
  40  4:40  Combat Shield  
  40  4:45  SCV, Marauder  
  43  4:49  Marauder  
  45  5:06  Medivac, Marauder  
  49  5:09  Barracks  
  49  5:10  Marine  
  50  5:17  Command Center  
  50  5:28  Marauder, Marine  
  53  5:37  Supply Depot  
  53  5:46  Factory Tech Lab, Marauder  
  53  5:49  Marine  
  56  5:56  Barracks Reactor  
  56  6:05  Engineering Bay  
  56  6:07  Marauder, Siege Tank  
  56  6:11  Marauder  
  63  6:16  Supply Depot  
  63  6:28  Marauder  
  63  6:29  SCV  
  63  6:30  SCV  
  63  6:32  Marauder  
  69  6:33  Terran Infantry Weapons Level 1  
  69  6:41  SCV  
  69  6:42  SCV  
  71  6:50  Siege Tank, Marauder  
  71  6:53  SCV  
  77  6:54  SCV  
  78  7:05  SCV  
  78  7:06  SCV  
  78  7:07  Refinery  
  80  7:09  Supply Depot  
  80  7:17  SCV  
  80  7:18  SCV  
  80  7:19  Concussive Shells  
  80  7:22  Siege Tank  
  85  7:24  Refinery  
  85  7:29  SCV  
  86  7:30  SCV  
  86  7:34  Supply Depot  
  87  7:41  SCV  
  87  7:43  SCV, Engineering Bay  
  89  7:53  SCV  
  89  7:54  Siege Tank  
  89  7:55  Missile Turret, Orbital Command  
  93  7:59  Supply Depot  
  93  8:04  Missile Turret  
  93  8:05  SCV  
  93  8:08  Terran Infantry Armor Level 1  
  93  8:12  Barracks, Starport Reactor  
  94  8:15  Marine  
  94  8:16  Marine  
  94  8:18  SCV  
  97  8:20  SCV  
  97  8:25  Marauder  
  100  8:30  SCV  
  100  8:33  Marauder  
  103  8:34  SCV, Supply Depot  
  104  8:42  SCV  
  104  8:48  Siege Tank  
  108  8:55  Missile Turret  
  108  8:58  Supply Depot  
  108  8:59  Command Center  
  108  9:11  Marauder  
  108  9:14  Marauder  
  101  9:17  Marine x2  
  101  9:19  Marine  
  101  9:20  Widow Mine  
  70  9:32  Marine  
  70  9:35  Marine x2  
  70  9:36  Marauder  
  70  9:37  Marine  
  76  9:41  Siege Tank  
  79  9:49  Marine  
  80  9:53  Marine x2  
  80  9:54  Marine  
  80  9:57  Marauder  
  85  10:04  Medivac  
  87  10:07  Medivac  
  87  10:08  Marauder  
  87  10:10  Marine  
  87  10:11  Marine  
  87  10:12  Marine  
  87  10:13  Siege Tank, SCV  
  98  10:15  SCV  
  98  10:17  SCV  
  98  10:18  Marine  
  101  10:25  SCV  
  101  10:27  SCV  
  103  10:29  Marauder, SCV  
  106  10:36  Marauder  
  106  10:37  SCV  
  106  10:39  SCV  
  106  10:41  SCV  
  111  10:44  Missile Turret  
  111  10:45  Siege Tank  
  111  10:46  Missile Turret  
  115  10:50  SCV  
  115  10:51  Marauder  
  115  10:53  Armory  
  115  10:55  Orbital Command, SCV  
  118  10:59  Marauder  
  118  11:02  SCV, Supply Depot  
  121  11:07  Missile Turret, SCV  
  122  11:12  Marauder  
  122  11:13  Medivac  
  122  11:14  SCV  
  122  11:18  Widow Mine  
  129  11:19  SCV  
  129  11:24  Factory  
  130  11:26  Starport  
  130  11:27  Command Center  
  130  11:29  Supply Depot  
  130  11:36  Missile Turret  
  130  11:38  Hi-Sec Auto Tracking  
  130  11:39  Siege Tank  
  133  11:40  Terran Vehicle Weapons Level 1  
  133  11:51  Armory  
  133  11:55  Refinery  
  133  11:59  Refinery  
  133  12:03  Medivac  
  133  12:06  Supply Depot, Starport Tech Lab  
  133  12:07  Factory Tech Lab  
  135  12:09  Marine  
  135  12:10  Marine x2  
  135  12:11  Siege Tank  
  135  12:12  Marine  
  142  12:16  Marine  
  142  12:17  Barracks  
  142  12:21  SCV x2  
  142  12:22  SCV  
  146  12:26  Raven, Widow Mine, Marine  
  146  12:28  Marine  
  152  12:30  Supply Depot  
  152  12:34  Neosteel Armor  
  152  12:36  Marauder  
  144  12:37  Marine x2  
  144  12:42  SCV  
  144  12:43  Widow Mine, SCV  
  114  12:44  Marine  
  114  12:45  SCV  
  114  12:46  Marine  
  114  12:47  Cyclone  
  88  12:54  SCV  
  88  12:55  Marine x2, Refinery  
  88  12:56  SCV  
  88  12:58  Marauder  
  81  13:03  Marauder  
  81  13:04  Siege Tank  
  59  13:19  Marauder  
  56  13:20  Marine  
  56  13:21  Marine x3  
  56  13:23  Marine  
  43  13:37  SCV, Marine  
  43  13:39  Marine  
  37  13:47  Marine  
  34  13:49  SCV  
  34  13:50  Marine  
  34  13:55  Siege Tank, Marine  
  39  13:57  Marine  
  38  14:05  Marine  
Tags
 
Add a new tag
Caveats
  • Supply blocks, unpowered buildings, or Contaminate may cause inaccurate times.
  • Supply counts are checked every 10 seconds.